 Dungeon Crawl Stone Soup version 0.28-a0-845-gfc338a8e3c (webtiles) character file.

Game seed: 10133148016439224087

532 Twinkles the Sneak (level 7, -2/53 HPs)
             Began as a Vampire Fighter on Nov 13, 2021.
             Killed by nerve-wracking pain
             ... invoked by an orc priest
              (9 damage)
             ... on level 4 of the Dungeon.
             The game lasted 00:18:01 (3690 turns).

Twinkles the Sneak (Vampire Fighter)                Turns: 3690, Time: 00:18:02

Health: -2/53      AC: 12    Str: 15    XL:     7   Next: 4%
Magic:  7/7        EV:  7    Int: 12    God:
Gold:   125        SH:  5    Dex: 14    Spells: 6/6 levels left

rFire   . . .      SeeInvis +   b - +0 dagger (venom)
rCold   . . .      Faith    .   c - +0 buckler
rNeg    . . .      Spirit   .   o - +0 chain mail
rPois   .          Reflect  .   n - +0 helmet
rElec   .          Harm     .   r - +0 cloak
rCorr   .          Rampage  .   (no gloves)
Will    .....                   e - +0 pair of boots
Stlth   ..........              (no amulet)
HPRegen 0.37/turn               p - ring of wizardry
MPRegen 0.10/turn               q - ring of wizardry

@: healing quickly
A: alive, fangs 3, see invisible, vampiric 2
a: Exsanguinate


You were on level 4 of the Dungeon.
You visited 1 branch of the dungeon, and saw 4 of its levels.

You collected 200 gold pieces.
You spent 75 gold pieces at shops.

Inventory:

Hand Weapons
 a - a +0 long sword
 b - a +0 dagger of venom (weapon)
 m - a +0 hunting sling
Missiles
 d - 7 poisoned darts
 h - a curare-tipped dart
 s - 142 stones (quivered)
Armour
 c - a +0 buckler (worn)
 e - a +0 pair of boots (worn)
 k - a +0 scale mail
 n - a +0 helmet (worn)
 o - a +0 chain mail (worn)
 r - a +0 cloak (worn)
Jewellery
 p - a ring of wizardry (left hand)
 q - a ring of wizardry (right hand)
Scrolls
 f - a scroll of noise
 g - a scroll of vulnerability {unknown}
 j - a scroll of summoning {unknown}
 u - a scroll of teleportation {unknown}
 w - a scroll of brand weapon {unknown}
 x - a scroll of enchant weapon {unknown}
 E - a scroll of fear
 X - a scroll of magic mapping
 Z - a scroll of identify
Potions
 i - a potion of heal wounds {unknown}
 t - 2 potions of curing {unknown}
 A - 2 potions of attraction
 M - a potion of might


   Skills:
 + Level 3.9 Fighting
 + Level 3.6 Long Blades
 - Level 3.0 Armour
 + Level 2.1 Dodging
 + Level 4.6 Stealth
 + Level 3.8 Shields
 + Level 2.3 Ice Magic


You had 6 spell levels left.
You didn't know any spells.
Your spell library contained the following spells:

 Spells                   Type           Power      Damage    Failure   Level
 Freeze                   Ice            20%        1d4       54%         1
 Frozen Ramparts          Ice            10%        1d3       86%         3
 Gell's Gravitas          Tloc           0%         N/A       99%         3
 Lesser Beckoning         Tloc           0%         N/A       99%         3
 Teleport Other           Tloc           0%         N/A       99%         3
 Hailstorm                Conj/Ice       2%         3d3       100%        4


Dungeon Overview and Level Annotations

Branches:
Dungeon (4/15)
 Temple: D:4-7

Altars:

Shops:
D:2 [   D:3 *

Annotations:
D:2 Sigmund


Innate Abilities, Weirdness & Mutations

Your natural rate of healing is accelerated.
You have razor-sharp teeth.
You have supernaturally acute eyesight. (SInv)
You are afflicted with vampirism and can become a bat while bloodless.


Message History

Beogh smites you!
You start resting.
An endoplasm is nearby!
You hit the endoplasm. You bite the endoplasm.
You kill the endoplasm!
You start resting.
An orc priest is nearby!
The orc priest closely misses you.
The orc priest miscasts a cantrip.
You barely miss the orc priest.
You bite the orc priest, but do no damage.
The orc priest hits you but does no damage.
You completely miss the orc priest. Your bite misses the orc priest.
The orc priest barely misses you.
You hit the orc priest but do no damage.
The orc priest hits you with a +0 dagger.
You hit the orc priest.
The orc priest is poisoned.
The orc priest is lightly wounded.
The orc priest hits you but does no damage.
The orc priest mumbles some strange prayers to Beogh against you.
Beogh smites you!
You hit the orc priest but do no damage.
The orc priest is poisoned.
You bite the orc priest, but do no damage.
The orc priest hits you but does no damage.
You block the orc priest's attack.
The orc priest calls upon Beogh to heal the orc priest.
The orc priest's wounds heal themselves!
You hit the orc priest. You bite the orc priest.
The orc priest is lightly wounded.
You barely miss the orc priest.
The orc priest is lightly wounded.
The orc priest invokes the aid of Beogh against you.
Beogh smites you!
* * * LOW HITPOINT WARNING * * *
The orc priest calls upon Beogh to heal the orc priest.
The orc priest's wounds heal themselves!
The orc priest calls down the wrath of Beogh upon you.
Pain shoots through your body!
You die...

#.##..#.#..#
#.##.##.#
..##.......#
#.......#
####.####.##
####.####
,**#..,,..# #.#
*,*###*#### ###.####
,,* ******* #o.....#
,,** *,,,,,*
#o##.#.#
,,,***,,,,,*
#.##.#.#
.#.,,,,,,,,*
#@#.J#.#
..o,**,,,,,*
#.#.##.#
#..,**,,,,,*
#^#.##.#
...*********
#......# ...*
###########.####
...* #......####o#
..o#####.#..o..J...#
.(o..J.....##o######
..######.####)#


You could see 2 orc priests.

Vanquished Creatures
  A necrophage (D:4)
  A phantom (D:4)
  A kobold brigand (D:4)
  A scorpion (D:4)
  An iguana (D:3)
  An orc wizard (D:4)
  4 gnolls
  6 adders
  An adder skeleton (D:4)
  2 worms
  7 orcs
  5 endoplasms
  4 giant cockroaches
  3 hobgoblins
  9 jackals (D:1)
  9 kobolds
  2 quokkas
  7 ball pythons
  5 bats
  4 frilled lizards
  6 goblins
  5 rats
85 creatures vanquished.

Notes
Turn   | Place    | Note
-------+----------+-------------------------------------------
     0 | D:1      | Twinkles the Vampire Fighter began the quest for the Orb.
     0 | D:1      | Reached XP level 1. HP: 17/17 MP: 1/1
   313 | D:1      | Reached skill level 1 in Stealth
   313 | D:1      | Reached XP level 2. HP: 23/23 MP: 2/2
   631 | D:1      | Gained mutation: You are afflicted with vampirism and can
                  | become a bat while bloodless. [Vampire growth]
   631 | D:1      | Reached XP level 3. HP: 26/28 MP: 3/3
  1027 | D:2      | Reached skill level 2 in Stealth
  1351 | D:2      | Reached XP level 4. HP: 32/35 MP: 4/4
  1787 | D:2      | Found Gyskyunt's Antique Armour Emporium.
  2085 | D:2      | Noticed Sigmund
  2192 | D:2      | Reached skill level 1 in Ice Magic
  2205 | D:2      | Reached skill level 3 in Stealth
  2287 | D:3      | Reached XP level 5. HP: 41/41 MP: 5/5
  2828 | D:3      | Found Yri Vyet's Assorted Antiques.
  2836 | D:3      | Bought a scroll labelled EROADA LEVI for 25 gold pieces
  2836 | D:3      | Bought a scroll labelled ONGAEN HU JAUL for 25 gold pieces
  2836 | D:3      | Bought a scroll labelled KIQ VOEHIOJANG for 25 gold pieces
  3166 | D:3      | Found a faded altar of an unknown god.
  3221 | D:4      | Reached skill level 1 in Dodging
  3266 | D:4      | Reached XP level 6. HP: 30/47 MP: 6/6
  3280 | D:4      | Reached skill level 4 in Stealth
  3559 | D:4      | Reached XP level 7. HP: 49/53 MP: 7/7
  3687 | D:4      | HP: 6/53 [orc priest/divine providence (15)]
  3690 | D:4      | Killed from afar by an orc priest

Illustrated notes

Levels and vault maps discovered:
D:1:      dpeg_arrival_pond, layout_loops_corners
D:2:      layout_loops_corners, serial_shops, nicolae_shop_stone, uniq_sigmund
D:3:      layout_basic, ebering_ecumenical_altar_abandoned, serial_shops,
          nicolae_square_shop
D:4:      cheibrodos_pilgrimage, layout_loops_cross, fedhas_altar_1

Skill      XL: |  1  2  3  4  5  6 |
---------------+-------------------+-----
Stealth        | 1 2 3 4 |  4.6
Fighting       | 3 |  3.9
Shields        | 3 |  3.8
Ice Magic      | 1 2 |  2.3
Armour         | 3 |  3.0
Long Blades    | 3 |  3.6
Dodging        | 1 2 |  2.1

Action                   |  1- 3 |  4- 6 |  7- 9 || total
-------------------------+-------+-------+-------++-------
Melee: Long sword        |   135 |   172 |       ||   307
       Bite              |    17 |    24 |     5 ||    46
       Dagger            |       |    19 |    20 ||    39
 Fire: Hunting sling     |       |     2 |       ||     2
Throw: Stone             |     3 |    13 |     1 ||    17
  Use: Scroll            |       |     4 |       ||     4
Armor: Scale mail        |    79 |    19 |       ||    98
       Chain mail        |       |    69 |     9 ||    78
Dodge: Dodged            |    54 |    58 |     4 ||   116
Block: Buckler           |    36 |    34 |     6 ||    76

Table legend: (Time is in decaauts)
 A = Elapsed time spent in this place.
 B = Non-inter-level travel time spent in this place.
 C = Inter-level travel time spent in this place.
 D = Time resting spent in this place.
 E = Time spent auto-exploring this place.
 F = Levels seen in this place.
 G = Mean time per level.
                   A        B        C        D        E       F      G
               +--------+--------+--------+--------+--------+-----+--------+
         Total |   3774 |   3605 |    169 |    215 |   2426 |   4 |  943.5 |
       Dungeon |   3774 |   3605 |    169 |    215 |   2426 |   4 |  943.5 |
               +--------+--------+--------+--------+--------+-----+--------+

Top non-repeatable levels by time:
     D:2: 1308 daAuts
     D:1: 1033 daAuts
     D:3: 945 daAuts
     D:4: 486 daAuts
